 Dungeon Crawl Stone Soup version 0.29.1-13-g9f3cf754e1 (webtiles) character file.

Game seed: 6140432200657645071

5157 suse60 the Fighter (level 10, -2/85 HPs)
             Began as a Formicid Fighter on Jan 23, 2023.
             Was an Elder of Okawaru.
             Slain by a fire dragon (12 damage)
             ... on level 9 of the Dungeon on Jan 24, 2023.
             The game lasted 00:44:02 (8823 turns).

suse60 the Fighter (Formicid Fighter)               Turns: 8823, Time: 00:44:02

Health: -2/85      AC: 19    Str: 26    XL:     10   Next: 89%
Magic:  13/13      EV:  8    Int:  7    God:    Okawaru [****..]
Gold:   482        SH: 13    Dex: 13    Spells: 9/9 levels left

rFire   + . .      SeeInvis +   a - +4 war axe (protect)
rCold   x . .      Faith    .   r - +3 kite shield
rNeg    + . .      Spirit   .   c - +0 chain mail {Will+}
rPois   .          Reflect  .   (helmet unavailable)
rElec   .          Harm     .   n - +2 cloak
rCorr   .          Rampage  .   (no gloves)
Will    ++...                   (no boots)
Stlth   ..........              (no amulet)
HPRegen 0.24/turn               t - ring of positive energy
MPRegen 0.13/turn               o - ring of fire

@: mighty, under a protective aura
A: permanent stasis, dig shafts and tunnels, antennae 3, four strong arms
a: Dig, Shaft Self, Renounce Religion, Heroism, Finesse


You were on level 9 of the Dungeon.
You worshipped Okawaru.
Okawaru was greatly pleased with you.
You visited 2 branches of the dungeon, and saw 10 of its levels.

You collected 663 gold pieces.
You spent 181 gold pieces at shops.

Inventory:

Hand Weapons
 a - a +4 war axe of protection (weapon)
 s - the +7 quarterstaff "Hagrenod" {pain, Fly}
   (You took it off an orc on level 6 of the Dungeon)

   In the hands of one skilled in necromantic magic, it inflicts extra damage on
   living creatures.
   Fly:       It grants you flight.
Missiles
 g - 8 boomerangs (quivered)
Armour
 c - a +0 chain mail of willpower (worn)
 n - a +2 cloak (worn)
 r - a +3 kite shield (worn)
Jewellery
 b - a +4 ring of protection
 o - a ring of fire (right hand)
 t - a ring of positive energy (left hand)
Wands
 d - a wand of roots (9)
Scrolls
 h - a scroll of poison
 l - 3 scrolls of fear
Potions
 e - 5 potions of brilliance
 f - a potion of invisibility
 i - 2 potions of mutation
 k - 4 potions of curing
 m - a potion of might
 p - a potion of resistance {unknown}
 q - a potion of flight {unknown}


   Skills:
 - Level 10.3 Fighting
 - Level 10.3 Axes
 - Level 3.2 Armour
 + Level 3.2 Dodging
 - Level 7.2 Shields
 + Level 5.3 Invocations


You had 9 spell levels left.
You didn't know any spells.
Your spell library contained the following spells:

 Spells                   Type           Power      Damage    Failure   Level
 Apportation              Tloc           0%         N/A       99%         1
 Beastly Appendage        Tmut           0%         N/A       99%         1
 Magic Dart               Conj           0%         1d3       99%         1
 Necrotise                Necr           0%         1d4       99%         1
 Searing Ray              Conj           0%         2d4       100%        2
 Static Discharge         Conj/Air       0%         3-3/arc   100%        2
 Sublimation of Blood     Necr           0%         N/A       100%        2
 Wereblood                Tmut           0%         N/A       100%        2
 Gell's Gravitas          Tloc           0%         N/A       100%        3
 Lesser Beckoning         Tloc           0%         N/A       100%        3
 Spider Form              Tmut/Pois      0%         N/A       100%        3
 Teleport Other           Tloc           0%         N/A       100%        3
 Vampiric Draining        Necr           0%         2d6       100%        3
 Fulminant Prism          Conj/Hex       0%         3d6       100%        4
 Petrify                  Tmut/Erth      0%         N/A       100%        4
 Agony                    Necr           0%         N/A       100%        5
 Alistair's Intoxication  Tmut/Pois      0%         N/A       100%        5
 Irradiate                Conj/Tmut      0%         3d11      100%        5
 Dispersal                Tloc           0%         N/A       100%        6


Dungeon Overview and Level Annotations

Branches:
Dungeon (9/15)             Temple (1/1) D:4            Lair (0/5) D:9
    Orc: D:9-12

Altars:
Ashenzari
Cheibriados
Dithmenos
Fedhas
Hepliaklqana
Kikubaaqudgha
Makhleb
Nemelex Xobeh
Okawaru
Qazlal
Ru
Sif Muna
Trog
Uskayaw
Vehumet
Wu Jian
Xom
Yredelemnul
Zin
The Shining One

Shops:
D:4 [   D:7 =

Annotations:
D:4 2 runed translucent doors, nightchill's ghost, amateur MiFi


Innate Abilities, Weirdness & Mutations

You cannot be hasted, slowed, berserked, paralysed or teleported.
You can dig through walls and to a lower floor.
You have a pair of large antennae on your head. (SInv)
Your four strong arms can wield two-handed weapons with a shield.


Message History

The fire dragon is moderately wounded.
The fire dragon breathes flames at you. The blast of flame hits you!
You resist.
You slash the fire dragon!
The fire dragon is moderately wounded.
The fire dragon bites you.
The fire dragon claws you but does no damage.
You block the fire dragon's attack.
You hit the fire dragon.
The fire dragon is moderately wounded.
The fire dragon bites you but does no damage.
The fire dragon claws you but does no damage.
The fire dragon tramples you but does no damage.
You slice the fire dragon!!
The fire dragon is heavily wounded.
You block the fire dragon's attack. x3
You hit the fire dragon.
The fire dragon is heavily wounded.
The fire dragon bites you but does no damage.
You block the fire dragon's attack.
The fire dragon tramples you but does no damage.
You slash the fire dragon!
The fire dragon is severely wounded.
You block the fire dragon's attack. The fire dragon misses you.
The fire dragon tramples you but does no damage.
You slash the fire dragon!
The fire dragon is almost dead.
The fire dragon breathes flames at you. The blast of flame hits you!
You resist.
* * * LOW HITPOINT WARNING * * *
You hear a shout!
You hit the fire dragon but do no damage.
The fire dragon is almost dead.
The fire dragon breathes flames at you. The blast of flame hits you!
You resist.
* * * LOW HITPOINT WARNING * * *
You slash the fire dragon!
The fire dragon is almost dead.
The fire dragon bites you!
You die...

§≈≈≈≈≈..#
.§§..≈≈≈.#
.≈≈.>§≈≈..
.≈§§.D≈≈.## #
..≈≈≈§.≈..#.#
.....≈≈....
......§..#
##D######
#@........
#.######## #.# #.#
##########.#
#.......##.#
#.......##.#
#######...)...##.#
.................#


You could see a fire dragon (catching breath).

Vanquished Creatures
  A two-headed ogre (D:9)
  A manticore (D:8)
  A hornet (D:8)
  A steam dragon (D:6)
  3 vampire mosquitoes (D:9)
  Menkaure (D:7)
  A water moccasin (D:7)
  4 orc warriors
  2 black bears
  An ogre (D:8)
  An ice beast (D:7)
  A sky beast (D:7)
  4 centaurs
  3 phantoms
  5 kobold brigands
  A gnoll sergeant (D:4)
  7 wights
  5 killer bees (D:9)
  6 howler monkeys
  A hound (D:7)
  4 jellies
  4 orc priests
  Crazy Yiuf (D:3)
  5 orc wizards
  Ijyb (D:3)
  6 gnolls
  7 adders
  A shadow imp (D:7)
  A white imp (D:8)
  2 worms
  2 dart slugs (D:1)
  30 orcs
  5 bats
  7 endoplasms
  3 giant cockroaches
  4 goblins
  8 hobgoblins
  2 jackals (D:1)
  6 quokkas
  4 ball pythons
  9 frilled lizards
  30 kobolds
  9 rats
201 creatures vanquished.

Vanquished Creatures (others)
  37 plants (D:2)
37 creatures vanquished.

Grand Total: 238 creatures vanquished

Notes
Turn   | Place    | Note
-------+----------+-------------------------------------------
     0 | D:1      | suse60 the Formicid Fighter began the quest for the Orb.
     0 | D:1      | Reached XP level 1. HP: 18/18 MP: 1/1
   105 | D:1      | Reached XP level 2. HP: 19/24 MP: 2/2
   542 | D:1      | Reached XP level 3. HP: 30/30 MP: 3/3
  1215 | D:2      | Reached XP level 4. HP: 33/37 MP: 4/4
  1478 | D:2      | Reached XP level 5. HP: 43/43 MP: 5/5
  1806 | D:2      | Found a faded altar of an unknown god.
  1999 | D:2      | Reached skill level 5 in Fighting
  2002 | D:2      | Reached XP level 6. HP: 6/51 MP: 6/6
  2341 | D:3      | Found a sparkling altar of Nemelex Xobeh.
  2347 | D:3      | Noticed Ijyb
  2367 | D:3      | Killed Ijyb
  2711 | D:3      | Found a runed translucent door.
  2712 | D:3      | Noticed Crazy Yiuf
  2746 | D:3      | Reached skill level 5 in Axes
  3368 | D:3      | Killed Crazy Yiuf
  3369 | D:3      | Reached XP level 7. HP: 51/58 MP: 7/7
  3445 | D:4      | Found a blossoming altar of Fedhas.
  3544 | D:4      | Found Ytsorr's Armour Shop.
  3549 | D:4      | Bought a +2 kite shield for 181 gold pieces
  3614 | D:4      | Found a glowing silver altar of Zin.
  3614 | D:4      | Noticed an angel
  3682 | D:4      | Found a shimmering blue altar of Sif Muna.
  3843 | D:4      | Got Sif Muna's Verses on Vapour
  3848 | D:4      | Found a bloodstained altar of Trog.
  3945 | D:4      | Found a staircase to the Ecumenical Temple.
  3980 | Temple   | Entered the Ecumenical Temple
  3985 | Temple   | Became a worshipper of Warmaster Okawaru
  4317 | D:4      | Found a large runed translucent door.
  4317 | D:4      | Found a large runed translucent door.
  4320 | D:4      | Noticed nightchill's ghost (amateur MiFi)
  4385 | D:5      | Entered Level 5 of the Dungeon
  4417 | D:5      | Found an ancient bone altar of Kikubaaqudgha.
  4451 | D:5      | Found a hazy altar of Hepliaklqana.
  4750 | D:5      | Reached XP level 8. HP: 67/67 MP: 8/8
  5304 | D:5      | Reached * piety under Okawaru
  5813 | D:6      | Found a burning altar of Makhleb.
  5888 | D:6      | Found a broken altar of Ashenzari.
  6003 | D:6      | Identified the +7 quarterstaff "Hagrenod" {pain, Fly}
  6022 | D:6      | Reached skill level 1 in Invocations
  6022 | D:6      | Reached XP level 9. HP: 62/75 MP: 8/10
  6563 | D:7      | Found Ecvanoci's Jewellery Shop.
  6576 | D:7      | Reached ** piety under Okawaru
  6683 | D:7      | Noticed Menkaure
  6688 | D:7      | Killed Menkaure
  7316 | D:8      | Noticed a manticore
  7457 | D:8      | Killed a manticore
  7458 | D:8      | Reached skill level 10 in Fighting
  7458 | D:8      | Reached XP level 10. HP: 75/85 MP: 10/12
  7489 | D:8      | Reached *** piety under Okawaru
  7612 | D:8      | Found a sacrificial altar of Ru.
  7743 | D:8      | Reached skill level 5 in Shields
  7745 | D:8      | Reached skill level 10 in Axes
  8187 | D:9      | Reached **** piety under Okawaru
  8454 | D:9      | Reached skill level 1 in Dodging
  8635 | D:9      | Noticed a two-headed ogre
  8645 | D:9      | Killed a two-headed ogre
  8646 | D:9      | Reached skill level 5 in Invocations
  8810 | D:9      | Found a staircase to the Lair.
  8810 | D:9      | Noticed a fire dragon
  8823 | D:9      | Slain by a fire dragon

Illustrated notes

Levels and vault maps discovered:
D:1:      nzn_arrival_depleted_hourglass, layout_loops_ring,
          chequers_serial_rivers_large_b
D:2:      wad_woods_tower, layout_loops_ring,
          shapermc_ecumenical_altar_mp_highgroup
D:3:      layout_basic, mainiacjoe_overflow_tiny_flanked, uniq_ijyb,
          uniq_crazy_yiuf_cottage
D:4:      layout_basic, nzn_overflow_gifts_of_might_and_magic, zin_angel,
          fedhas_altar_2, minmay_temple_entry_large_hall,
          ebering_ghost_disaster_area, serial_shops, shop
D:5:      layout_cave_pools, lemuel_crystal_altar, mainiacjoe_overflow_paths,
          kennysheep_doodads, amcnicky_mini_pool_small, chequers_mini_garden
D:6:      layout_gridville, lightli_temple_of_fire, mainiacjoe_overflow_brackets
D:7:      layout_rooms, serial_shops, shop, uniq_menkaure
D:8:      layout_gridville, nicolae_ru_awakened_eye, special_room
          [special_room_orc]
D:9:      layout_loops_ring, grunt_gozag_breadcrumbs, elyvilon_altar_1,
          minmay_lair_entry_lava
Temple:   hellmonk_temple_micro_hex

Skill      XL: |  1  2  3  4  5  6  7  8  9 10 |
---------------+-------------------------------+-----
Fighting       | 4 5 6 7 8 10 | 10.3
Axes           | 3 4 5 6 7 9 10 | 10.3
Invocations    | 1 3 5 |  5.3
Shields        | 7 |  7.2
Dodging        | 3 |  3.2
Armour         | |  3.2

Action                   |  1- 3 |  4- 6 |  7- 9 | 10-12 || total
-------------------------+-------+-------+-------+-------++-------
Melee: War axe           |    88 |    91 |   211 |   142 ||   532
Throw: Boomerang         |       |       |    13 |     9 ||    22
Invok: Heroism           |       |       |     1 |     1 ||     2
Evoke: Wand              |       |     1 |     2 |     2 ||     5
  Use: Scroll            |     6 |     1 |    16 |     1 ||    24
       Potion            |       |     1 |       |     3 ||     4
Armor: Scale mail        |    31 |    22 |    99 |    19 ||   171
       Chain mail        |       |       |       |    37 ||    37
Dodge: Dodged            |    46 |    24 |    71 |    28 ||   169
Block: Buckler           |    20 |    20 |     1 |       ||    41
       Kite shield       |       |       |   144 |    87 ||   231
